 Dungeon Crawl Stone Soup version 0.26-a0-812-g31a745ddcd (webtiles) character file.

Game seed: 15672037916432089823

23 dmks the Sneak (level 3, -3/21 HPs)
             Began as an Octopode Hedge Wizard on Nov 14, 2020.
             Slain by a gnoll
             ... wielding a +0 whip
              (7 damage)
             ... on level 1 of the Dungeon.
             The game lasted 00:04:15 (1609 turns).

dmks the Sneak (Octopode Hedge Wizard)              Turns: 1609, Time: 00:04:16

Health: -3/21      AC:  1    Str:  9    XL:     3   Next: 0%
Magic:  3/7        EV: 13    Int: 17    God:
Gold:   36         SH:  0    Dex: 11    Spells: 7/8 levels left

rFire    . . .     SeeInvis .   a - +0 dagger
rCold    . . .     Faith    .   (no shield)
rNeg     . . .     Spirit   .   b - +0 hat
rPois    .         Reflect  .   (no amulet)
rElec    .         Harm     .   (no ring)
rCorr    .         Rampage  .   (no ring)
MR       .....                  (no ring)
Stlth    +++.......             (no ring)
HPRegen  0.07/turn              (no ring)
MPRegen  0.10/turn              (no ring)
                                (no ring)
                                (no ring)

@: no status effects
A: almost no armour, stealthy swim, amphibious, 8 rings, constrict 8, camouflage
1, gelatinous body 1
a: no special abilities


You were on level 1 of the Dungeon.
You visited 1 branch of the dungeon, and saw 2 of its levels.

You collected 36 gold pieces.

Inventory:

Hand Weapons
 a - a +0 dagger (weapon)
Armour
 b - a +0 hat (worn)
Scrolls
 c - a scroll of enchant weapon {unknown}
 d - a scroll of fear {unknown}
 e - 2 scrolls of remove curse {unknown}
 h - a scroll of random uselessness {unknown}
Potions
 f - 2 potions of flight {unknown}
 g - a potion of invisibility {unknown}
 i - a potion of curing {unknown}


   Skills:
 - Level 2.0 Dodging
 + Level 3.3 Stealth
 + Level 3.2 Spellcasting
 * Level 2.1 Conjurations
   Level 1.0 Summonings
   Level 1.0 Translocations


You had 7 spell levels left.
You knew the following spells:

 Your Spells              Type           Power        Failure   Level
a - Magic Dart            Conj           #...         7%          1

Your spell library contained the following spells:

 Spells                   Type           Power        Failure   Level
 Blink                    Tloc           N/A          17%         2
 Call Imp                 Summ           #.......     17%         2
 Slow                     Hex            #.......     26%         2
 Conjure Flame            Conj/Fire      #.......     32%         3
 Mephitic Cloud           Conj/Pois/Air  #.......     36%         3


Dungeon Overview and Level Annotations

Branches:
Dungeon (2/15)

Altars:


Innate Abilities, Weirdness & Mutations

You cannot wear most types of armour.
You are very stealthy in the water. (Stealth+)
You are amphibious.
You can wear up to eight rings at the same time.
You can use your tentacles to constrict eight enemies at once.
Your skin changes colour to match your surroundings (Stealth+).
Your rubbery body absorbs attacks. (AC +1, EV +1)


Message History

Found a robe and a sedimented cyan potion.
There is a stone staircase leading up here.
Aim: a gnoll, wielding a +0 whip (wandering, hasn't noticed you)
You miscast Magic Dart.
You are very lightly contaminated with residual magic.
Nothing appears to happen.
Aim: a gnoll, wielding a +0 whip The magic dart hits the gnoll.
You climb upwards.
There is a stone staircase leading down here.
You start resting.
Your magical contamination has completely faded away.
You start waiting.
Done waiting.
There is a stone staircase leading down here.
You climb downwards.
A rat and a gnoll come into view.
Found a scroll labelled RAILOBL BEGYS and a spear.
Found an escape hatch in the floor.
There is a stone staircase leading up here.
Aim: a rat (asleep)
You miscast Magic Dart.
You are very lightly contaminated with residual magic.
Nothing appears to happen.
The gnoll shouts!
Unknown command.
There are monsters nearby!
You climb upwards.
There is a stone staircase leading down here.
You start resting.
Your magical contamination has completely faded away.
You climb downwards.
The gnoll shouts!
The gnoll barely misses you. The gnoll hits you with a +0 whip.
There is a stone staircase leading up, spattered with blood here.
The gnoll hits you with a +0 whip!
* * * LOW HITPOINT WARNING * * *
The rat twitches its whiskers.
You climb upwards.
There is a stone staircase leading down here.
Aim: a gnoll, wielding a +0 whip The magic dart hits the gnoll.
The gnoll completely misses you.
Aim: a gnoll, wielding a +0 whip (lightly wounded)
The magic dart hits the gnoll.
The gnoll hits you with a +0 whip.
* * * LOW HITPOINT WARNING * * *
Aim: a gnoll, wielding a +0 whip (heavily wounded)
The magic dart hits the gnoll.
The gnoll barely misses you.
Aim: a gnoll, wielding a +0 whip (severely wounded)
The magic dart hits the gnoll.
The gnoll hits you with a +0 whip!
You die...

########............#.#
......##..........#.#.#
......##..........###.#
......##..........# #.#
..................# #.#
.......##.#.##...####.#
....รท.#.#.#.##...#....#
.......##...###..#.####
......##.....##g@#.#
........###........#
.......((...########
...........##
..........##########
...................#
########...)..)....#
#...........#
#...........#


You could see a gnoll.

Vanquished Creatures
  2 leopard geckos (D:1)
  A bat (D:1)
  A giant cockroach (D:1)
  2 goblins (D:1)
  5 hobgoblins (D:1)
  2 frilled lizards
  3 kobolds (D:1)
  5 rats (D:1)
21 creatures vanquished.

Notes
Turn   | Place    | Note
-------+----------+-------------------------------------------
     0 | D:1      | dmks the Octopode Hedge Wizard began the quest for the Orb.
     0 | D:1      | Reached XP level 1. HP: 11/11 MP: 4/4
   201 | D:1      | Reached XP level 2. HP: 17/17 MP: 0/6
  1211 | D:1      | Reached XP level 3. HP: 9/21 MP: 2/7
  1609 | D:1      | Slain by a gnoll

Illustrated notes

Levels and vault maps discovered:
D:1:      minmay_arrival_four_loops, layout_basic, minmay_misc_feat_square
D:2:      layout_rooms, old_standard_altar, chequers_serial_rivers_room_a

Skill      XL: |  1  2 |
---------------+-------+-----
Stealth        | 3 |  3.3
Conjurations   | 2 |  2.1
Dodging        | |  2.0
Spellcasting   | |  3.2
Summonings     | |  1.0
Translocations | |  1.0

Action                   || total
-------------------------++-------
Melee: Dagger            ||    19
       Tentacles         ||     4
       Constrict         ||     4
 Cast: Magic Dart        ||    50
Armor: Skin              ||     2
Dodge: Dodged            ||    26

Table legend: (Time is in decaauts)
 A = Elapsed time spent in this place.
 B = Non-inter-level travel time spent in this place.
 C = Inter-level travel time spent in this place.
 D = Time resting spent in this place.
 E = Time spent auto-exploring this place.
 F = Levels seen in this place.
 G = Mean time per level.
                   A        B        C        D        E       F      G
               +--------+--------+--------+--------+--------+-----+--------+
         Total |   1613 |   1608 |      5 |    621 |    734 |   2 |  806.5 |
       Dungeon |   1613 |   1608 |      5 |    621 |    734 |   2 |  806.5 |
               +--------+--------+--------+--------+--------+-----+--------+

Top non-repeatable levels by time:
     D:1: 1594 daAuts
     D:2: 18 daAuts
